 Dungeon Crawl Stone Soup version 0.29.1-15-g9cfb28693d (console) character file.

Game seed: 10376590535088567416

7 om the Grave Robber (level 1, 0/13 HPs)
             Began as a Vampire Necromancer on Apr 25, 2023.
             Slain by a quokka (3 damage)
             ... on level 1 of the Dungeon.
             The game lasted 00:00:42 (264 turns).

om the Grave Robber (Vampire Necromancer)            Turns: 264, Time: 00:00:43

Health: 0/13       AC:  2    Str:  7    XL:     1   Next: 83%
Magic:  1/3        EV: 12    Int: 17    God:
Gold:   0          SH:  0    Dex: 14    Spells: 3/4 levels left

rFire   . . .      SeeInvis +   (no weapon)
rCold   . . .      Faith    .   (no shield)
rNeg    . . .      Spirit   .   a - +0 robe
rPois   .          Reflect  .   (no helmet)
rElec   .          Harm     .   (no cloak)
rCorr   .          Rampage  .   (no gloves)
Will    .....                   (no boots)
Stlth   ++........              (no amulet)
HPRegen 0.24/turn               (no ring)
MPRegen 0.08/turn               (no ring)

@: healing quickly
A: alive, fangs 3, see invisible, vampiric 1
a: Exsanguinate


You were on level 1 of the Dungeon.
You visited 1 branch of the dungeon, and saw 1 of its levels.

Inventory:

Armour
 a - a +0 robe (worn)
Scrolls
 c - a scroll of identify {unknown}
 d - a scroll of noise {unknown}
Potions
 b - a potion of magic


   Skills:
 + Level 2.3 Dodging
 + Level 3.2 Stealth
 * Level 2.2 Spellcasting
 + Level 4.4 Necromancy


You had 3 spell levels left.
You knew the following spells:

 Your Spells              Type           Power      Damage    Failure   Level
a - Necrotise             Necr           68%        1d7       3%          1

Your spell library contained the following spells:

 Spells                   Type           Power      Damage    Failure   Level
 Vampiric Draining        Necr           17%        2d7       9%          3
 Animate Dead             Necr           17%        N/A       30%         4
 Agony                    Necr           17%        N/A       63%         5


Dungeon Overview and Level Annotations

Branches:
Dungeon (1/15)

Altars:


Innate Abilities, Weirdness & Mutations

Your natural rate of healing is accelerated.
You have razor-sharp teeth.
You have supernaturally acute eyesight. (SInv)
You are afflicted with vampirism.


Message History

The stone hits your rat skeleton.
You are out of magic!
The ball python attacks as you move away!
The ball python barely misses you.
A stone appears from out of your range of vision.
The stone hits your rat skeleton.
Unknown command.
The ball python attacks as you move away!
The ball python barely misses you. x2
You see here a hobgoblin corpse.
The ball python completely misses you. The ball python barely misses you.
A stone appears from out of your range of vision.
The stone hits your rat skeleton.
Your rat skeleton is destroyed!
The ball python attacks as you move away!
The ball python bites you. The ball python misses you.
The ball python attacks as you move away!
The ball python barely misses you. The ball python misses you.
The ball python attacks as you move away!
The ball python bites you. The ball python closely misses you.
The ball python closely misses you. The ball python barely misses you.
The ball python attacks as you move away!
The ball python bites you. The ball python closely misses you.
The ball python attacks as you move away!
The ball python misses you. The ball python barely misses you.
The ball python completely misses you. The ball python barely misses you.
The ball python attacks as you move away!
The ball python barely misses you.
The ball python writhes in agony.
The ball python misses you. The ball python grabs you.
The ball python constricts you.
You hit the ball python.
The ball python is severely wounded.
The ball python barely misses you. The ball python constricts you.
You hit the ball python.
You kill the ball python!
You hit the quokka but do no damage. The quokka closely misses you.
You closely miss the quokka. The quokka bites you. x2
You hit the quokka but do no damage. The quokka bites you.
* * * LOW HITPOINT WARNING * * *
The quokka attacks as you move away! The quokka bites you.
You die...

.# #.# #.# .# .. #.#
#.# .# .. #.#####.#
.####.... #.#.#(#.#
.....##.# #.......#
.###.##.# #...<...#
........# #.......#
#...#...###.#.#.#.# #
#†#.#....##.#####.#.#
....#.#..#8.8###8.8.#
...............r@...#
##..#..#....>##.#...#
##.##...###....#####
#......# ####..#
#..##..# #..#
##.###.# #..# #.# #.#
#... #.# #.# #... #..
#.# ##. #.. .###.


You could see a quokka.

Vanquished Creatures
  A dart slug (D:1)
  A hobgoblin (D:1)
  2 ball pythons (D:1)
  A rat (D:1)
5 creatures vanquished.

Notes
Turn   | Place    | Note
-------+----------+-------------------------------------------
     0 | D:1      | om the Vampire Necromancer began the quest for the Orb.
     0 | D:1      | Reached XP level 1. HP: 13/13 MP: 3/3
   264 | D:1      | Slain by a quokka

Illustrated notes

Levels and vault maps discovered:
D:1:      psy_arrival_basics, layout_rooms, basic_ecumenical_altar

Action                   || total
-------------------------++-------
Melee: Unarmed           ||     8
       Bite              ||     2
 Cast: Necrotise         ||     9
Dodge: Dodged            ||    24
